 Dungeon Crawl Stone Soup version 0.17-a0-755-g4391640 (console) character file.

131 sose the Chiller (level 5, -1/24 HPs)
             Began as a Vine Stalker Ice Elementalist on Apr 22, 2015.
             Slain by a scorpion (4 damage)
             ... on level 3 of the Dungeon.
             The game lasted 00:05:14 (2059 turns).

sose the Chiller (Vine Stalker Ice Elementalist)    Turns: 2059, Time: 00:05:15

Health: -1/24      AC:  4    Str: 11    XL:     5   Next: 14%
Magic:  0/9        EV: 12    Int: 16    God:
Gold:   96         SH:  0    Dex: 14    Spells: 3 memorised, 1 level left

rFire  . . .     SeeInvis .     d - +0 dagger
rCold  . . .     Clarity  .     a - +0 robe
rNeg   . . .     SustAb   .     (no shield)
rPois  .         Gourm    .     (no helmet)
rElec  .         Spirit   +     m - +0 cloak
rCorr  .         Warding  .     (no gloves)
rMut   .         Stasis   .     (no boots)
MR     .....                    (no amulet)
Stlth  ++........               (no ring)
                                (no ring)

@: lethally poisoned (-1 -> -11), very slightly contaminated, not resistant to
hostile enchantments, unstealthy
A: fangs 2, regeneration 1, shaggy fur 1, magic shield, antimagic bite, no
device heal 3, rot immunity
a: no special abilities


You were on level 3 of the Dungeon.
You were not hungry.

You visited 1 branch of the dungeon, and saw 3 of its levels.

You collected 96 gold pieces.

Inventory:

Hand weapons
 d - a +0 dagger (weapon)
Missiles
 p - 11 tomahawks (quivered)
Armour
 a - a +0 robe (worn)
 m - a +0 cloak (worn)
Magical staves
 q - an uncursed staff of death
Scrolls
 e - 4 scrolls of identify {unknown}
 i - 2 scrolls of teleportation {unknown}
 o - a scroll of magic mapping {unknown}
 s - a scroll of recharging {unknown}
Potions
 f - a potion of haste {unknown}
 h - a potion of curing {unknown}
 k - 2 potions of brilliance {unknown}
 n - 3 potions of might {unknown}
 t - a potion of ambrosia {unknown}
Books
 b - a book of Frost

   Spells                             Type                      Level
   a - Freeze                         Ice                          1
   b - Throw Frost                    Conjuration/Ice              2
   c - Ozocubu's Armour               Charms/Ice                   3
   d - Throw Icicle                   Conjuration/Ice              4
   e - Summon Ice Beast               Ice/Summoning                4
   f - Condensation Shield            Ice                          4
Comestibles
 c - 2 bread rations
 g - 3 meat rations
 j - 2 fruits
 l - 4 chunks of flesh
 r - a beef jerky


   Skills:
 - Level 1.5 Dodging
 - Level 2.4 Stealth
 - Level 2.1 Spellcasting
 + Level 2.7 Conjurations
 + Level 5.0 Ice Magic


You had one spell level left.
You knew the following spells:

 Your Spells              Type           Power        Failure   Level  Hunger
a - Freeze                Ice            ###.         2%          1    #......
b - Throw Frost           Conj/Ice       ##....       10%         2    ###....
c - Throw Icicle          Conj/Ice       ##......     50%         4    #####..


Dungeon Overview and Level Annotations

Branches:
Dungeon (3/15)

Altars:
Vehumet


Innate Abilities, Weirdness & Mutations

You have extremely sharp teeth.
Your natural rate of healing is unusually fast.
You are covered in fur (AC +1).
When hurt, damage is shared between your health and your magic reserves.
Your bite disrupts and absorbs the magic of your enemies.
Potions and wands cannot restore your health.
You are immune to rotting.


Message History

You feel sick.
The scorpion stings you but does no damage.
You hit the scorpion but do no damage.
The scorpion is severely wounded.
* * * LOW HITPOINT WARNING * * *
You feel sick. The scorpion closely misses you.
You closely miss the scorpion.
The scorpion is severely wounded.
* * * LOW HITPOINT WARNING * * *
You feel sick. The scorpion barely misses you.
Casting: Freeze
Confirm with . or Enter, or press ? or * to list all spells.
Aiming: Freeze
Press: ? - help, Shift-Dir - straight line, f/p - scorpion
Aim: a scorpion (severely wounded)
You freeze the scorpion.
The scorpion is almost dead.
* * * LOW HITPOINT WARNING * * *
You feel sick. The scorpion stings you.
You die...

#..........(..###.#
#.............'...#
#.............#####
######........#
#........#
#........#
#........#
######........#
#..gs@........#
####..############
####.....#
#........#
#.....sg.#
#........#
#......$.#
#.......## ......##


You could see a scorpion and a goblin.

Vanquished Creatures
  4 adders
  2 gnolls (D:1)
  An ooze (D:1)
  3 orcs (D:3)
  9 bats
  8 goblins
  12 hobgoblins
  5 jackals
  2 quokkas
  5 giant cockroaches (D:1)
  A giant newt (D:3)
  6 kobolds
  5 rats
63 creatures vanquished.

Notes
Turn   | Place    | Note
--------------------------------------------------------------
     0 | D:1      | sose, the Vine Stalker Ice Elementalist, began the quest for the Orb.
     0 | D:1      | Reached XP level 1. HP: 9/9 MP: 4/4
   139 | D:1      | Reached XP level 2. HP: 13/13 MP: 3/6
   212 | D:1      | Reached skill level 4 in Ice Magic
   216 | D:1      | Learned a level 2 spell: Throw Frost
   282 | D:1      | Reached XP level 3. HP: 16/16 MP: 5/7
   904 | D:2      | Reached XP level 4. HP: 21/21 MP: 8/8
  1171 | D:2      | Learned a level 4 spell: Throw Icicle
  1261 | D:2      | Found a radiant altar of Vehumet.
  1951 | D:3      | Reached XP level 5. HP: 24/24 MP: 5/9
  2043 | D:3      | Reached skill level 5 in Ice Magic
  2059 | D:3      | Slain by a scorpion

Action                   |  1- 3 |  4- 6 || total
-------------------------+-------+-------++-------
Melee: Dagger            |    84 |   115 ||   199
 Cast: Freeze            |    22 |    25 ||    47
       Throw Frost       |     1 |       ||     1
 Stab: Distracted        |     1 |       ||     1
       Sleeping          |     3 |     3 ||     6
  Eat: Chunk             |       |     4 ||     4
       Fruit             |       |     1 ||     1
